 Dungeon Crawl Stone Soup version 0.23.2-33-g5129a83 (webtiles) character file.

Game seed: 2070644893528038715

7981 EternalFade the Arsonist (level 11, -4/99 HPs)
             Began as a Red Draconian Fire Elementalist on Aug 3, 2019.
             Was a Priest of Vehumet.
             Slain by Urug
             ... wielding a +1 demon trident of electrocution
              (8 damage)
             ... on level 11 of the Dungeon on Aug 4, 2019.
             The game lasted 02:18:26 (17519 turns).

EternalFade the Arsonist (DrFE)                    Turns: 17519, Time: 02:18:27

Health: -4/99      AC: 10    Str: 11    XL:     11   Next: 3%
Magic:  4/17       EV: 12    Int: 19    God:    Vehumet [***...]
Gold:   587        SH:  3    Dex: 11    Spells: 3/18 levels left

rFire    + + .     SeeInvis .   U - +5 scythe "Finisher" {speed, eviscerate}
rCold    x . .     Gourm    .   (shield currently unavailable)
rNeg     . . .     Faith    .   (armour unavailable)
rPois    .         Spirit   .   (helmet restricted)
rElec    .         Reflect  +   n - +0 cloak
rCorr    .         Harm     .   y - +0 pair of gloves
MR       .....                  (no boots)
Stlth    ++........             i - +3 amulet of reflection
HPRegen  0.26/turn              t - ring of fire
MPRegen  0.15/turn              a - +1 ring of protection

@: short of breath, studying Throwing
A: breathe fire, unfitting armour, fire resistance 1, cold-blooded, AC +7
a: Breathe Fire, Renounce Religion


You were on level 11 of the Dungeon.
You worshipped Vehumet.
Vehumet was most pleased with you.
You were hungry.

You visited 2 branches of the dungeon, and saw 12 of its levels.

You collected 587 gold pieces.

Inventory:

Hand Weapons
 N - a +3 battleaxe of chopping
 U - the +5 scythe "Finisher" (weapon) {speed, eviscerate}
   (You found it on level 10 of the Dungeon)

   Attacks with this weapon are significantly faster.
Missiles
 c - 226 arrows
 f - 163 sling bullets
 l - 6 needles of paralysis
 m - 164 stones (quivered)
 u - 60 bolts
 x - 60 poisoned needles
 A - 12 tomahawks
Armour
 n - a +0 cloak (worn)
 y - a +0 pair of gloves (worn)
Jewellery
 a - a +1 ring of protection (right hand)
 i - a +3 amulet of reflection (around neck)
 r - an uncursed amulet of the gourmand
 t - a ring of fire (left hand)
 G - an uncursed ring of protection from cold
 J - a +3 ring of protection
 T - an uncursed ring of protection from magic
 W - an uncursed ring of flight
Wands
 d - a wand of polymorph (19)
 K - a wand of random effects (27)
 R - a wand of flame (38)
 V - a wand of paralysis (13)
Scrolls
 e - a scroll of identify
 g - a scroll of amnesia
 h - 3 scrolls of fog
 o - 6 scrolls of remove curse
 p - 2 scrolls of fear
 B - a scroll of magic mapping {unknown}
 M - 2 scrolls of enchant weapon
 S - a scroll of teleportation
Potions
 j - 4 potions of magic
 q - a potion of flight {unknown}
 v - 2 potions of brilliance {unknown}
 w - 3 potions of agility
 z - 5 potions of curing
 D - 2 potions of resistance
 E - 3 potions of lignification
 F - a potion of ambrosia {unknown}
 H - 2 potions of heal wounds {unknown}
 I - a potion of berserk rage {unknown}
 L - 2 potions of haste {unknown}
 P - 2 potions of invisibility
 Q - a potion of cancellation {unknown}
Books
 k - a manual of Throwing
Comestibles
 b - 18 rations
 s - 8 chunks of flesh


   Skills:
 + Level 9.9 Fighting
 - Level 4.3(4.4) Axes
 + Level 1.5(3.2) Polearms
 - Level 2.0 Dodging
 - Level 2.0 Stealth
 - Level 4.0 Spellcasting
 + Level 9.2 Conjurations
 + Level 11.4 Fire Magic


You had 3 spell levels left.
You knew the following spells:

 Your Spells              Type           Power        Failure   Level  Hunger
a - Flame Tongue          Conj/Fire      #####        1%          1    None
b - Throw Flame           Conj/Fire      ######       1%          2    ##.....
c - Conjure Flame         Conj/Fire      ######..     1%          3    ###....
d - Sticky Flame          Conj/Fire      ######..     1%          4    ####...
e - Fireball              Conj/Fire      ######....   1%          5    ######.

Your spell library contained the following spells:

 Spells                   Type           Power        Failure   Level  Hunger
 Dazzling Spray           Conj/Hex       ###...       1%          3    ###....
 Inner Flame              Hex/Fire       #####...     1%          3    ###....
 Beastly Appendage        Tmut           #.....       14%         1    None
 Sticks to Snakes         Tmut           #.......     21%         2    ##.....
 Spider Form              Tmut/Pois      #.........   38%         3    ###....
 Yara's Violent Unravell  Hex/Tmut       #.........   65%         5    ######.
 Cause Fear               Hex            #.........   80%         4    ####...
 Ice Form                 Ice/Tmut       #.......     80%         4    ####...
 Blade Hands              Tmut           #.........   98%         5    ######.
 Silence                  Hex/Air        #.........   98%         5    ######.
 Deflect Missiles         Chrm/Air       #.........   100%        6    #######
 Discord                  Hex            #.........   100%        8    #######


Dungeon Overview and Level Annotations

Branches:
Dungeon (11/15)            Temple (1/1) D:5
   Lair: D:8-11         Orc: D:9-12

Altars:
Ashenzari
Cheibriados
Dithmenos
Elyvilon
Fedhas
Gozag
Hepliaklqana
Kikubaaqudgha
Makhleb
Nemelex Xobeh
Okawaru
Qazlal
Ru
Sif Muna
Trog
Uskayaw
Vehumet
Wu Jian
Xom
Yredelemnul
Zin
The Shining One

Shops:
D:9 [

Annotations:
D:11 Urug


Innate Abilities, Weirdness & Mutations

You can breathe blasts of fire.
Your fiery red scales are hard. (AC +7)
You cannot fit into any form of body armour.
Your flesh is heat resistant. (rF+)
You are cold-blooded and may be slowed by cold attacks.


Message History

Urug hits you with a +1 demon trident of electrocution!!
You are electrocuted!
* * * LOW HITPOINT WARNING * * *
Press: ? - help, v - describe, . - travel
Here: Urug, wielding a +1 demon trident of electrocution and wearing a +0 scale mail (severely wounded, covered in liquid flames)
The floor.
Evoke which item? (* to show all) (? for menu, Esc to quit)
Okay, then.
Press: ? - help, v - describe, . - travel
Here: Urug, wielding a +1 demon trident of electrocution and wearing a +0 scale mail (severely wounded, covered in liquid flames)
The floor.
Evoke which item? (* to show all) (? for menu, Esc to quit)
Aiming: Paralyse
Press: ? - help, Shift-Dir - straight line, f/p - Urug
Aim: Urug, wielding a +1 demon trident of electrocution and wearing a +0 scale mail (severely wounded, covered in liquid flames, chance to defeat MR: 28%) Urug easily resists.
Urug burns!
Urug hits you with a +1 demon trident of electrocution!!
* * * LOW HITPOINT WARNING * * *
You are electrocuted!
You die...

#........ #........
.########........
.................
########............
#..... #............
#..... #...........#
#..... #............
#.....##@###+######.
#.....#.o#
#.....'..#
.#######.☼#
.........(#####
...........)o.#
..............##'###
..######............
. #............


You could see Urug (burning).

Vanquished Creatures
  An ugly thing (D:9)
  A cyclops (D:11)
  Joseph (D:9)
  Grinder (D:5)
  3 hippogriffs
  4 yaks
  A wraith (D:10)
  2 wyverns
  A hungry ghost (D:11)
  A spriggan (D:7)
  Eustachio (D:3)
  Duvessa (D:3)
  3 ice beasts
  4 orc warriors
  6 ogres
  3 sky beasts
  A phantom (D:10)
  5 centaurs
  3 necrophages (D:7)
  2 big kobolds
  2 bullfrogs
  A wyvern zombie (D:7)
  A wyvern skeleton (D:9)
  Dowan (D:4)
  A scorpion (D:3)
  11 killer bees
  5 wights
  3 howler monkeys
  2 crimson imps
  A bullfrog zombie (D:8)
  A quasit (D:6)
  2 centaur zombies
  2 bullfrog skeletons
  2 orc priests
  5 hounds
  2 iguanas
  3 jellies
  3 orc wizards
  4 worker ants
  A mummy (D:7)
  Robin (D:2)
  13 adders
  2 howler monkey skeletons
  2 shadow imps
  4 oozes
  2 adder skeletons (D:7)
  A dart slug (D:4)
  4 leopard geckos
  24 orcs
  A ball python (D:3)
  2 bats
  8 giant cockroaches
  12 goblins
  11 hobgoblins
  4 jackals (D:2)
  2 quokkas
  4 frilled lizards
  15 kobolds
  A rat (D:3)
211 creatures vanquished.

Notes
Turn   | Place    | Note
-------+----------+-------------------------------------------
     0 | D:1      | EternalFade the Draconian Fire Elementalist began the quest
                  | for the Orb.
     0 | D:1      | Reached XP level 1. HP: 14/14 MP: 3/3
   507 | D:1      | Reached XP level 2. HP: 20/20 MP: 1/5
  1497 | D:2      | Found an opulent altar of Gozag.
  1933 | D:2      | Reached XP level 3. HP: 22/27 MP: 0/6
  2266 | D:2      | Noticed Robin
  2307 | D:2      | Reached skill level 1 in Fighting
  2361 | D:2      | Killed Robin
  2649 | D:3      | Reached XP level 4. HP: 35/35 MP: 2/7
  2926 | D:3      | Learned a level 2 spell: Throw Flame
  2930 | D:3      | Learned a level 3 spell: Conjure Flame
  4053 | D:4      | Noticed Duvessa
  4145 | D:4      | Noticed an ogre
  4293 | D:4      | Found a snail-covered altar of Cheibriados.
  4343 | D:4      | Noticed Dowan
  4595 | D:4      | Noticed Eustachio
  4599 | D:4      | Reached skill level 4 in Fire Magic
  4599 | D:4      | Reached XP level 5. HP: 36/41 MP: 0/9
  5074 | D:3      | Killed Eustachio
  5074 | D:3      | Reached XP level 6. HP: 26/50 MP: 0/11
  5994 | D:4      | Killed Dowan
  6709 | D:4      | Your scales start taking on a fiery red colour.
  6709 | D:4      | Reached skill level 5 in Fire Magic
  6709 | D:4      | Reached XP level 7. HP: 57/57 MP: 5/12
  6709 | D:4      | Gained mutation: Your flesh is heat resistant. (rF+) [Red
                  | Draconian growth]
  6781 | D:4      | Learned a level 4 spell: Sticky Flame
  7043 | D:3      | Killed Duvessa
  7043 | D:3      | Reached skill level 6 in Fire Magic
  7414 | D:5      | Entered Level 5 of the Dungeon
  7921 | D:5      | Found a stormy altar of Qazlal.
  7922 | D:5      | Found a blossoming altar of Fedhas.
  7923 | D:5      | Found an opulent altar of Gozag.
  8107 | D:5      | Found a staircase to the Ecumenical Temple.
  8113 | Temple   | Entered the Ecumenical Temple
  8137 | Temple   | Became a worshipper of Vehumet
  8294 | D:5      | Noticed Grinder
  8303 | D:5      | Paralysed by Grinder for 3 turns
  8304 | D:5      | Killed Grinder
  8304 | D:5      | Reached skill level 5 in Fighting
  8304 | D:5      | Reached skill level 7 in Fire Magic
  8304 | D:5      | Reached XP level 8. HP: 68/68 MP: 3/14
  9097 | D:6      | Found a shadowy altar of Dithmenos.
  9223 | D:6      | Reached skill level 5 in Conjurations
  9744 | D:6      | Learned a level 5 spell: Fireball
  9749 | D:6      | Found a burning altar of Makhleb.
 10572 | D:6      | Reached skill level 8 in Fire Magic
 10580 | D:5      | Reached * piety under Vehumet
 10580 | D:5      | Offered knowledge of Shock by Vehumet.
 11263 | D:7      | Found an iron altar of Okawaru.
 11548 | D:7      | Reached XP level 9. HP: 54/78 MP: 0/15
 11998 | D:7      | Reached skill level 9 in Fire Magic
 12147 | D:7      | Reached ** piety under Vehumet
 12147 | D:7      | Offered knowledge of Searing Ray by Vehumet.
 12517 | D:7      | Noticed a troll
 13095 | D:7      | Reached skill level 10 in Fire Magic
 13240 | D:7      | Reached skill level 1 in Axes
 13651 | D:8      | Offered knowledge of Static Discharge by Vehumet.
 13667 | D:8      | Reached XP level 10. HP: 84/90 MP: 13/16
 13760 | D:8      | Reached *** piety under Vehumet
 14421 | D:9      | Found a shimmering altar of Xom.
 14452 | D:9      | Offered knowledge of Dazzling Spray by Vehumet.
 14870 | D:9      | Noticed Joseph
 14894 | D:9      | Killed Joseph
 15297 | D:9      | Found Cheibriados's Comfort Zone.
 15297 | D:9      | Found a snail-covered altar of Cheibriados.
 15325 | D:9      | Found a blossoming altar of Fedhas.
 15696 | D:10     | Entered Level 10 of the Dungeon
 15825 | D:10     | Noticed a white ugly thing
 15869 | D:9      | Killed a white ugly thing
 15869 | D:9      | Reached skill level 11 in Fire Magic
 17185 | D:10     | Found the +5 scythe "Finisher" {speed, eviscerate}
 17291 | D:11     | Noticed a cyclops
 17307 | D:11     | Killed a cyclops
 17307 | D:11     | Reached skill level 1 in Polearms
 17352 | D:11     | Reached XP level 11. HP: 69/99 MP: 4/17
 17501 | D:11     | Noticed Urug
 17519 | D:11     | HP: 4/99 [Urug/+1 demon trident of electrocution (22)]
 17519 | D:11     | Slain by Urug

Skill      XL: |  1  2  3  4  5  6  7  8  9 10 |
---------------+-------------------------------+-----
Stealth        | 2 |  2.0
Dodging        | 2 |  2.0
Fighting       | 1 2 3 5 6 8 9 |  9.9
Conjurations   | 2 3 4 6 7 9 |  9.2
Spellcasting   | 3 4 |  4.0
Fire Magic     | 4 5 7 8 10 11 | 11.4
Axes           | 1 4 |  4.3
Polearms       | 1 |  1.5

Action                   |  1- 3 |  4- 6 |  7- 9 | 10-12 || total
-------------------------+-------+-------+-------+-------++-------
Melee: Mace              |    33 |     4 |    28 |       ||    65
       Unarmed           |     2 |       |     7 |       ||     9
       Tailslap          |     4 |       |     7 |     3 ||    14
       Battleaxe         |       |       |    65 |    68 ||   133
       Scythe            |       |       |       |     3 ||     3
 Cast: Flame Tongue      |    68 |    63 |   124 |    64 ||   319
       Throw Flame       |       |    25 |    83 |    15 ||   123
       Conjure Flame     |       |     4 |     8 |     2 ||    14
       Sticky Flame      |       |       |    23 |    29 ||    52
       Fireball          |       |       |     3 |     4 ||     7
 Abil: Breathe Fire      |       |       |    10 |     3 ||    13
Evoke: Wand              |       |       |       |     2 ||     2
  Use: Scroll            |       |     6 |     5 |     7 ||    18
       Potion            |       |       |     1 |       ||     1
  Eat: Chunk             |     3 |     7 |    18 |     9 ||    37
       Ration            |     1 |     2 |     4 |     3 ||    10
Armor: Skin              |    16 |    11 |   102 |    38 ||   167
Dodge: Dodged            |    44 |    34 |   165 |    79 ||   322
Block: Other             |       |       |    41 |    24 ||    65
       Reflection        |       |       |     1 |     2 ||     3
